[Event "*** Titled Tuesday Blitz"]
[Site "Chess.com"]
[Date "2020.10.27"]
[Round "8"]
[White "Triumphmate"]
[Black "Michaelson_11"]
[Result "1-0"]
[WhiteElo "2405"]
[BlackElo "2142"]
[TimeControl "180+1"]
[EndTime "11:23:15 PDT"]
[Termination "Triumphmate won by resignation"]

1. e4 c5 2. Nf3 Nc6 3. d4 cxd4 4. Nxd4 g6 5. f4 Bg7 6. Nf3 d6 7. Nc3 Nf6 8. Bd3 O-O 9. O-O Ng4 10. Kh1 Qb6 11.
Nd5 Nf2+ 12. Rxf2 Qxf2 13. Be3 1-0

[Event "*** Titled Tuesday Blitz"]
[Site "Chess.com"]
[Date "2020.10.27"]
[Round "8"]
[White "Lagmantr"]
[Black "Msb2"]
[Result "0-1"]
[WhiteElo "2742"]
[BlackElo "2913"]
[TimeControl "180+1"]
[EndTime "11:24:01 PDT"]
[Termination "Msb2 won by resignation"]

1. e4 e6 2. d4 d5 3. Nc3 Nf6 4. e5 Nfd7 5. f4 c5 6. Nf3 Nc6 7. Be3 a6 8. Qd2 b5 9. Be2 Be7 10. O-O O-O 11. Rae1 Qb6 12. Nd1 b4 13. Kh1 a5 14. f5 exf5 15. dxc5 Nxc5 16. Qxd5 Be6 17. Qd4 Nxd4 0-1

[Event "*** Titled Tuesday Blitz"]
[Site "Chess.com"]
[Date "2020.10.27"]
[Round "8"]
[White "Ranindu2003"]
[Black "Kaslask"]
[Result "1-0"]
[WhiteElo "2545"]
[BlackElo "2350"]
[TimeControl "180+1"]
[EndTime "11:24:32 PDT"]
[Termination "Ranindu2003 won by resignation"]

1. e4 c5 2. Nf3 Nc6 3. d4 cxd4 4.
c3 dxc3 5. Nxc3 d6 6. Bc4 e6 7. O-O Be7 8. Qe2 Nf6 9. Rd1 e5 10. Bg5 O-O 11. h3 Be6 12. Nb5 Rc8 13. Bxf6 gxf6 14.
Bd3 a6 15. Nc3 Kh8 16. Nd5 Bxd5 17. exd5 Nb8 18. Qe4 f5 19. Qxf5 1-0

[Event "*** Titled Tuesday Blitz"]
[Site "Chess.com"]
[Date "2020.10.27"]
[Round "8"]
[White "GM_LOADING"]
[Black "MF1966Idrisov"]
[Result "0-1"]
[WhiteElo "2446"]
[BlackElo "2344"]
[TimeControl "180+1"]
[EndTime "11:24:43 PDT"]
[Termination "MF1966Idrisov won by resignation"]

1. Nf3 d5 2. g3 Nf6 3. Bg2 b6 4. O-O Bb7 5. c4 e6 6. b3 Nbd7 7. Bb2 Bd6 8. d3 O-O 9. Nbd2 c5 10. cxd5 exd5 11. d4 Qe7 12. Rc1 Rac8 13. Re1 Ne4 14. Nh4 g6 15. dxc5 Ndxc5 16. Nxe4 Nxe4 17. Qd4 f6 18. Nf3 Bc5 19. Qa4 Bxf2+ 0-1

[Event "*** Titled Tuesday Blitz"]
[Site "Chess.com"]
[Date "2020.10.27"]
[Round "8"]
[White "arminmusovic"]
[Black "brunomorado"]
[Result "1-0"]
[WhiteElo "2589"]
[BlackElo "2414"]
[TimeControl "180+1"]
[EndTime "11:24:58 PDT"]
[Termination "arminmusovic won by resignation"]

1. a3 d5 2. Nc3 d4 3. Ne4 f5 4. Ng3 e5 5. e4 fxe4 6. Qh5+ Ke7 7. Qxe5+ Be6 8. Nf5+ Kf7 9. Nxd4 Qd6 10. Qxe6+ Qxe6 11. Nxe6 Kxe6 12. Bc4+ Kf5 13. f3 Nf6 14. Ne2 exf3 15. O-O Bc5+ 16. d4 Bb6 17. Rxf3+ Kg6 18. Nf4+ Kf5 19.
Ne6+ Kg6 20. Rg3+ 1-0

[Event "*** Titled Tuesday Blitz"]
[Site "Chess.com"]
[Date "2020.10.27"]
[Round "8"]
[White "guillembaches"]
[Black "Deepweb2020"]
[Result "1-0"]
[WhiteElo "2390"]
[BlackElo "2224"]
[TimeControl "180+1"]
[EndTime "11:25:01 PDT"]
[Termination "guillembaches won by resignation"]

1. e4 e5 2. Nf3 Nc6 3. Nc3 Nf6 4. d4 exd4 5. Nxd4 Bb4 6. Nxc6 bxc6 7. Bd3 O-O 8. O-O d5 9. Bd2 Re8 10. Nxd5 cxd5 11.
Bxb4 dxe4 12. Bb5 Bd7 13. Bxd7 Nxd7 14. Qe2 Nb6 15. Rad1 Qg5 16. c4 Re6 17. Bd2 Qc5 18. b3 Qa5 19. Bxa5 1-0

[Event "*** Titled Tuesday Blitz"]
[Site "Chess.com"]
[Date "2020.10.27"]
[Round "8"]
[White "Gabrielian_Artur"]
[Black "JoachimMouhamad"]
[Result "1-0"]
[WhiteElo "2778"]
[BlackElo "2328"]
[TimeControl "180+1"]
[EndTime "11:25:08 PDT"]
[Termination "Gabrielian_Artur won by resignation"]

1. d4 Nf6 2. c4 g6 3. Nc3 d5 4. cxd5 Nxd5 5. e4 Nxc3 6. bxc3 Bg7 7. Bc4 c5 8. Ne2 O-O 9. O-O Nc6 10. Be3 Na5 11.
Bd3 b6 12. Qd2 e5 13. Bh6 Bxh6 14. Qxh6 cxd4 15. cxd4 exd4 16. f4 f6 17. Rad1 Bb7 18. f5 g5 19. h4 gxh4 20. Rf4 Rf7 21. Rg4+ Kh8 22. Nf4 1-0

[Event "*** Titled Tuesday Blitz"]
[Site "Chess.com"]
[Date "2020.10.27"]
[Round "8"]
[White "krasavetc"]
[Black "LogoCzar"]
[Result "0-1"]
[WhiteElo "2286"]
[BlackElo "2375"]
[TimeControl "180+1"]
[EndTime "11:25:09 PDT"]
[Termination "LogoCzar won by resignation"]

1. Nf3 b6 2. e3 Bb7 3. d4 g6 4.
c4 Bg7 5. Nc3 f5 6. Be2 e6 7.
O-O Nf6 8. Ne5 O-O 9. Bf3 Qc8 10. Qb3 d6 11. Bxb7 Qxb7 12. Nd3 Nbd7 13. c5 dxc5 14. Qxe6+ Kh8 15. dxc5 Nxc5 16. Nxc5 bxc5 17. Qc4 Qc6 18. b4 Ne4 19. Bb2 Nd2 20. Qd5 Qxd5 21. Nxd5 Bxb2 0-1

[Event "*** Titled Tuesday Blitz"]
[Site "Chess.com"]
[Date "2020.10.27"]
[Round "8"]
[White "Matols"]
[Black "anon481216"]
[Result "0-1"]
[WhiteElo "2237"]
[BlackElo "2416"]
[TimeControl "180+1"]
[EndTime "11:25:14 PDT"]
[Termination "anon481216 won by checkmate"]

1. d4 d5 2. c4 e6 3. Nf3 Nf6 4. g3 dxc4 5. Bg2 Nc6 6. Qa4 Nd7 7. Qxc4 Nb6 8. Qd3 e5 9. dxe5 Qxd3 10. exd3 Nb4 11.
Kd2 Bf5 12. Nh4 Bxd3 13. a3 O-O-O 14. axb4 Bxb1+ 15. Kc3 Rd3# 0-1

[Event "*** Titled Tuesday Blitz"]
[Site "Chess.com"]
[Date "2020.10.27"]
[Round "8"]
[White "Iskusnyh"]
[Black "Mazetovic"]
[Result "1-0"]
[WhiteElo "2579"]
[BlackElo "2745"]
[TimeControl "180+1"]
[EndTime "11:25:17 PDT"]
[Termination "Iskusnyh won by resignation"]

1. d4 Nf6 2. c4 g6 3. g3 Bg7 4. Bg2 O-O 5. Nc3 d6 6. Nf3 c6 7.
O-O Qa5 8. e4 e5 9. h3 a6 10. a3 Nbd7 11. Qc2 exd4 12. Nxd4 c5 13. Nde2 b5 14. e5 Nxe5 15. Bxa8 Bxh3 16. Bg2 Bxg2 17. Kxg2 bxc4 18. Nf4 Nc6 19. Qa4 Qc7 20. Qxc4 Nd4 21. Be3 Qb7+ 22. Ncd5 Nxd5 23. Qxd5 1-0

[Event "*** Titled Tuesday Blitz"]
[Site "Chess.com"]
[Date "2020.10.27"]
[Round "8"]
[White "nelsoncopa"]
[Black "Euge_chess"]
[Result "0-1"]
[WhiteElo "1893"]
[BlackElo "2091"]
[TimeControl "180+1"]
[EndTime "11:25:22 PDT"]
[Termination "Euge_chess won by resignation"]

1. d4 Nf6 2. c4 e6 3. Nc3 c5 4. d5 exd5 5. cxd5 d6 6. Nf3 g6 7. h3 Bg7 8. Bf4 O-O 9. e4 Re8 10. Bd3 Nxe4 11. Nxe4 f5 12. O-O fxe4 13. Bc2 exf3 14. Qxf3 Na6 15. Rab1 Nb4 16. Bb3 Bf5 17. Rbe1 Qf6 18. Ra1 Nd3 19. Be3 Ne5 20. Qg3 b5 21. Rad1 c4 22. Bg5 Qf7 23. Bxc4 bxc4 0-1

[Event "*** Titled Tuesday Blitz"]
[Site "Chess.com"]
[Date "2020.10.27"]
[Round "8"]
[White "Borsuk_Konstantin"]
[Black "infinitegiantkiller"]
[Result "1-0"]
[WhiteElo "2572"]
[BlackElo "2428"]
[TimeControl "180+1"]
[EndTime "11:25:30 PDT"]
[Termination "Borsuk_Konstantin won by checkmate"]

1. d4 e6 2. c4 d5 3. Nc3 Nf6 4. cxd5 exd5 5. Bg5 Be7 6. e3 O-O 7. Bd3 c6 8. Nge2 Nbd7 9. f3 Re8 10. Bh4 Nf8 11. O-O Ng6 12. Bf2 c5 13. Rc1 c4 14.
Bb1 a6 15. h3 b5 16. a3 Bb7 17. e4 dxe4 18. fxe4 Nh5 19. Qd2 Bg5 20. Be3 Bxe3+ 21. Qxe3 Nf6 22. e5 Nd5 23. Qf3 Rf8 24. Be4 Nxc3 25.
bxc3 Bxe4 26. Qxe4 Qe7 27. Ng3 Qxa3 28. h4 a5 29. h5 Ne7 30. h6 gxh6 31. Nh5 Ng6 32. Qe3 Rfe8 33. Qxh6 Qf8 34. Nf6+ Kh8 35. Qxh7# 1-0

[Event "*** Titled Tuesday Blitz"]
[Site "Chess.com"]
[Date "2020.10.27"]
[Round "8"]
[White "WildTricks"]
[Black "Ariadna_Atreides"]
[Result "1-0"]
[WhiteElo "2400"]
[BlackElo "2142"]
[TimeControl "180+1"]
[EndTime "11:25:53 PDT"]
[Termination "WildTricks won by resignation"]

1. e4 c5 2. Nf3 d6 3. d4 cxd4 4. Nxd4 Nf6 5. Nc3 Nc6 6. Bg5 e6 7. Qd2 a6 8. O-O-O Bd7 9. Be2 Be7 10. Nxc6 Bxc6 11. Qe3 Ng4 12. Bxg4 Bxg5 13. f4 Be7 14. e5 d5 15. Kb1 Qa5 16. f5 Bd7 17. f6 gxf6 18.
exf6 Bxf6 19. Nxd5 Bg7 20. Qg5 exd5 21. Bxd7+ Kxd7 22. Rxd5+ Qxd5 23. Qxd5+ Kc7 24. Qxf7+ 1-0

[Event "*** Titled Tuesday Blitz"]
[Site "Chess.com"]
[Date "2020.10.27"]
[Round "8"]
[White "pavelalexandru07"]
[Black "elohunter1999"]
[Result "0-1"]
[WhiteElo "2344"]
[BlackElo "2505"]
[TimeControl "180+1"]
[EndTime "11:25:57 PDT"]
[Termination "elohunter1999 won by resignation"]

1. d4 d5 2. Nf3 Nf6 3. g3 c5 4. Bg2 cxd4 5. Nxd4 e5 6. Nf3 Nc6 7. O-O Be7 8. c3 O-O 9. b4 e4 10. Nd4 Ne5 11. Nd2 Bd7 12. a3 Qc8 13. f3 Qxc3 14.
N2b3 Ba4 15. Bd2 Qc8 16. Rc1 Nc4 17. fxe4 Nxe4 18. Bxe4 dxe4 19. Qc2 Nxd2 20. Qxd2 Qg4 21. Qe3 Bg5 22. Qf2 Bxc1 23. Rxc1 Bxb3 24. Nxb3 Rac8 25. Nc5 b6 0-1

[Event "*** Titled Tuesday Blitz"]
[Site "Chess.com"]
[Date "2020.10.27"]
[Round "8"]
[White "indfraeng"]
[Black "TregubovP"]
[Result "0-1"]
[WhiteElo "2356"]
[BlackElo "2529"]
[TimeControl "180+1"]
[EndTime "11:26:03 PDT"]
[Termination "TregubovP won by resignation"]

1. d4 Nf6 2. c4 e6 3. g3 Bb4+ 4.
Bd2 Qe7 5. Bg2 Nc6 6. Nf3 Bxd2+ 7. Qxd2 Ne4 8. Qc2 Qb4+ 9. Nc3 Nxc3 10. Qxc3 Qxc3+ 11. bxc3 d6 12. O-O Na5 13. Nd2 Rb8 14. Rab1 b6 15. c5 Ba6 16. Bf3 Ke7 17. c6 d5 18. Rfc1 f5 19. e3 Kd6 20. g4 Rhf8 21.
g5 Bc4 22. Nxc4+ Nxc4 23. Rb4 a5 24. Rbb1 Nd2 0-1

[Event "*** Titled Tuesday Blitz"]
[Site "Chess.com"]
[Date "2020.10.27"]
[Round "8"]
[White "UCantHandleDenker"]
[Black "LuisFSiles"]
[Result "1-0"]
[WhiteElo "2505"]
[BlackElo "2299"]
[TimeControl "180+1"]
[EndTime "11:26:04 PDT"]
[Termination "UCantHandleDenker won by resignation"]

1. Nf3 Nf6 2. g3 g6 3. Bg2 Bg7 4. O-O O-O 5. d3 c5 6. Nbd2 Nc6 7. e4 d5 8. Re1 dxe4 9. dxe4 e5 10. c3 h6 11. Qe2 Qc7 12. a4 Bg4 13. h3 Be6 14. Nc4 Nd7 15. Nfd2 Nb6 16. Ne3 Rad8 17. a5 Nc8 18. a6 b6 19. Ndc4 Nd4 20. cxd4 cxd4 21.
Nd5 f5 22. Nxc7 1-0

[Event "*** Titled Tuesday Blitz"]
[Site "Chess.com"]
[Date "2020.10.27"]
[Round "8"]
[White "Sesleria"]
[Black "mohssenbinaddi"]
[Result "0-1"]
[WhiteElo "1880"]
[BlackElo "2083"]
[TimeControl "180+1"]
[EndTime "11:26:11 PDT"]
[Termination "mohssenbinaddi won by resignation"]

1. e4 c6 2. d4 d5 3. e5 Bf5 4. Nf3 e6 5. Be2 Ne7 6. c4 Ng6 7. Nc3 Nd7 8. Bg5 f6 9. exf6 gxf6 10. Be3 Qc7 11. cxd5 exd5 12. Qa4 Nb6 13. Qa5 Bd6 14. g3 O-O 15. O-O-O Qe7 16. Rhe1 Bb4 0-1

[Event "*** Titled Tuesday Blitz"]
[Site "Chess.com"]
[Date "2020.10.27"]
[Round "8"]
[White "RobPeresian"]
[Black "TheMagnet"]
[Result "1-0"]
[WhiteElo "2453"]
[BlackElo "2563"]
[TimeControl "180+1"]
[EndTime "11:26:19 PDT"]
[Termination "RobPeresian won by resignation"]

1. Nf3 Nf6 2. c4 g6 3. Nc3 Bg7 4. e4 d6 5. d4 O-O 6. h3 c5 7. d5 e6 8. Bd3 exd5 9. exd5 Re8+ 10. Kf1 a6 11. a4 Nbd7 12. Bg5 h6 13. Be3 Ne5 14.
Nxe5 Rxe5 15. Qd2 Kh7 16. g4 Nd7 17. Kg2 Re8 18. h4 Ne5 19. f3 Nxd3 20. Qxd3 Kg8 21. Rae1 Qf6 22. Bg5 Rxe1 23. Bxf6 Rxh1 24. Bxg7 Re1 25.
Bxh6 f5 26. Qd2 Re8 27. Qg5 Kf7 28. h5 Rg8 29. Ne2 fxg4 30. Nf4 Bf5 31. fxg4 Be4+ 32.
Kg3 Rae8 33. Ne6 gxh5 34. Qf4+ Ke7 35. Bg5+ Kd7 36. Qf7+ 1-0

[Event "*** Titled Tuesday Blitz"]
[Site "Chess.com"]
[Date "2020.10.27"]
[Round "8"]
[White "Colombiano07"]
[Black "IMprovidence"]
[Result "1-0"]
[WhiteElo "2310"]
[BlackElo "2431"]
[TimeControl "180+1"]
[EndTime "11:26:27 PDT"]
[Termination "Colombiano07 won by checkmate"]

1. e4 c5 2. Nf3 e6 3. b4 cxb4 4. d4 d5 5. e5 Ne7 6. a3 Nec6 7. axb4 Bxb4+ 8. c3 Be7 9. Bd3 O-O 10. h4 f6 11.
Bxh7+ Kxh7 12. Ng5+ fxg5 13. hxg5+ Kg8 14. Qh5 Rf5 15.
f4 Bxg5 16. fxg5 Qf8 17. g4 g6 18. Qh7# 1-0

[Event "*** Titled Tuesday Blitz"]
[Site "Chess.com"]
[Date "2020.10.27"]
[Round "8"]
[White "Akhayan"]
[Black "azikom"]
[Result "0-1"]
[WhiteElo "2262"]
[BlackElo "2559"]
[TimeControl "180+1"]
[EndTime "11:26:30 PDT"]
[Termination "azikom won by resignation"]

1. d4 d5 2. Nf3 c6 3. g3 Bg4 4. Bg2 Nd7 5. O-O e6 6. c4 Ngf6 7. Nc3 Be7 8. cxd5 exd5 9. Bf4 O-O 10. Ne5 Bh5 11. Rc1 Re8 12. Re1 Nf8 13. Qd2 Ne6 14. Be3 Nd7 15. Nd3 Nb6 16. b3 h6 17.
Nf4 Nxf4 18. Bxf4 Bg6 19. e4 dxe4 20. Nxe4 Nd5 21. Be5 Bb4 22. Nc3 Nxc3 23. Rxc3 Bxc3 24. Qxc3 f6 25. Bf4 Rxe1+ 26. Qxe1 Bf7 27. d5 cxd5 28.
Qd2 Rc8 29. Bxh6 gxh6 30. Qxh6 Rc6 31. Bh3 Qf8 32. Qh4 Qg7 0-1

[Event "*** Titled Tuesday Blitz"]
[Site "Chess.com"]
[Date "2020.10.27"]
[Round "8"]
[White "Manukyan_Artak"]
[Black "gilbert_gm"]
[Result "0-1"]
[WhiteElo "2411"]
[BlackElo "2580"]
[TimeControl "180+1"]
[EndTime "11:26:33 PDT"]
[Termination "gilbert_gm won by resignation"]

1. e4 c5 2. Nf3 d6 3. Bb5+ Nc6 4. O-O Bd7 5. Re1 e6 6. c3 Nf6 7. d4 cxd4 8. cxd4 Be7 9. Nc3 O-O 10. Bg5 a6 11. Bxc6 Bxc6 12. d5 Bd7 13. dxe6 Bxe6 14. Nd4 Bd7 15. Nf5 Bxf5 16. exf5 h6 17. Rxe7 Qxe7 18. Nd5 Qe5 19. Bxf6 gxf6 20. f4 Qxb2 21. Qg4+ Kh7 22. Rf1 Qd4+ 0-1

[Event "*** Titled Tuesday Blitz"]
[Site "Chess.com"]
[Date "2020.10.27"]
[Round "8"]
[White "Snegokhod"]
[Black "manitodeplomo"]
[Result "0-1"]
[WhiteElo "2453"]
[BlackElo "2642"]
[TimeControl "180+1"]
[EndTime "11:26:41 PDT"]
[Termination "manitodeplomo won by resignation"]

1. e4 g6 2. d4 Bg7 3. Nc3 c5 4. d5 d6 5. Nf3 Nf6 6. h3 O-O 7. a4 e6 8. dxe6 Bxe6 9. Bd3 Nc6 10. O-O d5 11. exd5 Nxd5 12. Nxd5 Qxd5 13. Ng5 Rad8 14. Nxe6 Qxe6 15. Qe2 Qxe2 16. Bxe2 Rfe8 17. Bf3 Nd4 18.
Bxb7 Nxc2 19. Rb1 Rb8 20. Ba6 Rb6 21. Bd3 Nb4 22. Bb5 Rc8 23. Be3 a6 24. Bc4 Nc2 25. b3 Bd4 26. Bh6 Na3 27. Bd3 Nxb1 28. Rxb1 c4 29.
bxc4 Rxb1+ 30. Bxb1 Rxc4 31. a5 Ra4 32. Bd3 Rxa5 0-1

[Event "*** Titled Tuesday Blitz"]
[Site "Chess.com"]
[Date "2020.10.27"]
[Round "8"]
[White "Aygehovit1992"]
[Black "MattyDPerrine"]
[Result "1-0"]
[WhiteElo "2641"]
[BlackElo "2485"]
[TimeControl "180+1"]
[EndTime "11:26:47 PDT"]
[Termination "Aygehovit1992 won by resignation"]

1. e4 c5 2. Nf3 e6 3. d4 cxd4 4.
Nxd4 Nf6 5. Nc3 Nc6 6. Be2 Bb4 7. Nxc6 bxc6 8. Qd3 d5 9. e5 Ne4 10. O-O Bxc3 11.
bxc3 Qa5 12. Bd2 Nxd2 13. Qxd2 Ba6 14. Bxa6 Qxa6 15. f4 g6 16. Rf3 Kd7 17. h3 h5 18.
Kh2 Rab8 19. a4 Rb2 20. Qf2 Rhb8 21. Qc5 Qb6 22. Qd6+ Ke8 23. f5 gxf5 24. Rg3 1-0

[Event "*** Titled Tuesday Blitz"]
[Site "Chess.com"]
[Date "2020.10.27"]
[Round "8"]
[White "KarstenHansch"]
[Black "Ermito2020"]
[Result "0-1"]
[WhiteElo "2475"]
[BlackElo "2644"]
[TimeControl "180+1"]
[EndTime "11:26:47 PDT"]
[Termination "Ermito2020 won by resignation"]

1. e4 c5 2. Nc3 Nc6 3. Bb5 Nd4 4. Nge2 e6 5. O-O a6 6. Bd3 Nc6 7. a4 Nb4 8. Bc4 d5 9. exd5 exd5 10. Bb3 Nf6 11. d4 c4 12. Ba2 Be7 13. b3 O-O 14.
bxc4 Nxa2 15. Rxa2 dxc4 16. Bg5 h6 17. Bxf6 Bxf6 18. Ne4 Bf5 19. Nxf6+ Qxf6 20. c3 b5 21. Ng3 Bd3 22. Re1 Rae8 23. axb5 axb5 24. h3 b4 25.
cxb4 Qxd4 26. Rxe8 Rxe8 27. Nf1 c3 28. Ne3 Rxe3 29.
fxe3 Qxe3+ 30. Kh1 Be4 31. Qg4 Kh7 32. Re2 c2 0-1

[Event "*** Titled Tuesday Blitz"]
[Site "Chess.com"]
[Date "2020.10.27"]
[Round "8"]
[White "Mbneu"]
[Black "Cocaino74"]
[Result "0-1"]
[WhiteElo "2187"]
[BlackElo "2376"]
[TimeControl "180+1"]
[EndTime "11:26:47 PDT"]
[Termination "Cocaino74 won by resignation"]

1. d4 a5 2. c4 Ra6 3. Nc3 Rg6 4. g3 Nc6 5. Bg2 e5 6. dxe5 Nxe5 7. Nf3 Nxc4 8. O-O Nf6 9. Nh4 Bb4 10. Nxg6 hxg6 11. a3 Bxc3 12. bxc3 d5 13. Bg5 c6 14.
Qd4 Rh5 15. h4 Be6 16. e4 dxe4 17. Qxd8+ Kxd8 18. Bxe4 Rxg5 19. hxg5 Nxe4 20. Rfe1 Nxg5 21. Red1+ Bd5 22. Rab1 Nf3+ 23. Kf1 Nfd2+ 0-1

[Event "*** Titled Tuesday Blitz"]
[Site "Chess.com"]
[Date "2020.10.27"]
[Round "8"]
[White "korbul"]
[Black "Lady_Nika"]
[Result "1-0"]
[WhiteElo "2599"]
[BlackElo "2453"]
[TimeControl "180+1"]
[EndTime "11:26:49 PDT"]
[Termination "korbul won by checkmate"]

1. e4 c6 2. d4 d5 3. e5 Bf5 4. Nf3 e6 5. Be2 c5 6. Be3 Nc6 7. O-O Rc8 8. Na3 cxd4 9. Nxd4 Nxd4 10. Bxd4 Bxa3 11. Bb5+ Kf8 12. bxa3 Bxc2 13. Qd2 a6 14. Be2 Bg6 15. Rac1 Rxc1 16. Rxc1 Ne7 17. Bc5 h5 18.
Qb4 Kg8 19. Bxe7 Qd7 20. Bd6 Kh7 21. Rc7 Qe8 22. h4 Qd8 23. g3 b5 24. Qd4 Qa8 25. Bd3 Rc8 26. Bxg6+ fxg6 27. Re7 Rc1+ 28. Kh2 Rc4 29. Qd2 d4 30. Rf7 Qe4 31. Bf8 Kg8 32.
Rxg7+ Kxf8 33. Qh6 Qxe5 34. Qh8# 1-0

[Event "*** Titled Tuesday Blitz"]
[Site "Chess.com"]
[Date "2020.10.27"]
[Round "8"]
[White "GMaka"]
[Black "sara_khm"]
[Result "0-1"]
[WhiteElo "2393"]
[BlackElo "2576"]
[TimeControl "180+1"]
[EndTime "11:26:54 PDT"]
[Termination "sara_khm won by resignation"]

1. d4 Nf6 2. c4 e6 3. Nc3 Bb4 4. f3 c5 5. d5 exd5 6. cxd5 O-O 7. e4 d6 8. Bg5 Nbd7 9. Bd3 a6 10. Ne2 b5 11. O-O c4 12. Bc2 Qb6+ 13. Kh1 Bc5 14. Ng3 h6 15. Bf4 Ne5 16. Bxe5 dxe5 17. f4 Ng4 18. fxe5 Nf2+ 19. Rxf2 Bxf2 20. Nf5 Re8 21.
Qf3 Rxe5 22. Rf1 Bxf5 23. exf5 Bd4 24. Qg4 Bxc3 25. bxc3 Rae8 26. f6 Qxf6 27. Rg1 Rxd5 0-1

[Event "*** Titled Tuesday Blitz"]
[Site "Chess.com"]
[Date "2020.10.27"]
[Round "8"]
[White "ChronicUnhappiness"]
[Black "TrickyFortem"]
[Result "0-1"]
[WhiteElo "2371"]
[BlackElo "2548"]
[TimeControl "180+1"]
[EndTime "11:26:54 PDT"]
[Termination "TrickyFortem won on time"]

1. c4 e5 2. Nc3 Nf6 3. e3 d5 4. cxd5 Nxd5 5. Nf3 Nc6 6. Bb5 Nxc3 7. bxc3 Bd6 8. d4 O-O 9. O-O exd4 10. cxd4 Nb4 11. e4 a6 12. Be2 b5 13. e5 Be7 14.
Ba3 Bb7 15. Bxb4 Bxb4 16. Qc2 Rc8 17. a4 bxa4 18. Rxa4 a5 19. Qb3 Bd5 20. Bc4 Bxf3 21. Qxf3 Qxd4 22. Qd5 Rfd8 23. Qxf7+ Kh8 24. Raa1 Bc5 25.
h3 a4 26. Rad1 Qxe5 27. Rde1 Qd4 28. Re3 Rf8 0-1

[Event "*** Titled Tuesday Blitz"]
[Site "Chess.com"]
[Date "2020.10.27"]
[Round "8"]
[White "Sychev_Klementy"]
[Black "RaunakSadhwani2005"]
[Result "1/2-1/2"]
[WhiteElo "2882"]
[BlackElo "2970"]
[TimeControl "180+1"]
[EndTime "11:26:58 PDT"]
[Termination "Game drawn by agreement"]

1. e4 e5 2. Nf3 Nc6 3. Bb5 Nf6 4. O-O Nxe4 5. Re1 Nd6 6. a4 Be7 7. Nc3 O-O 8. d4 e4 9. Nxe4 Nxe4 10. Rxe4 d5 11. Re1 Bd6 12. Bg5 Ne7 13. Bd3 f6 14. Bd2 Bf5 15. Qe2 Bxd3 16. Qxd3 Qd7 17. b3 c6 18. Nh4 Rae8 19. Re2 g5 20. Nf3 Ng6 21. Rxe8 Rxe8 22. Re1 Rxe1+ 23. Nxe1 Kf7 24. g3 h5 25. Ng2 h4 26. Ne3 Qe6 27. Qf5 Qxf5 28. Nxf5 1/2-1/2

[Event "*** Titled Tuesday Blitz"]
[Site "Chess.com"]
[Date "2020.10.27"]
[Round "8"]
[White "Karateloru"]
[Black "RobertoJBM"]
[Result "1-0"]
[WhiteElo "2680"]
[BlackElo "2789"]
[TimeControl "180+1"]
[EndTime "11:27:08 PDT"]
[Termination "Karateloru won by resignation"]

1. Nf3 d5 2. c4 c6 3. b3 Bg4 4.
Bb2 Nd7 5. e3 e6 6. Be2 Ngf6 7.
O-O Bd6 8. Nc3 Qe7 9. Qc2 O-O 10. d4 Rfe8 11. e4 dxe4 12. Nxe4 Nxe4 13. Qxe4 Bf5 14. Qe3 Ba3 15. Bxa3 Qxa3 16. Rfd1 a5 17. Qd2 Red8 18. Rac1 h6 19. Rc3 Nf6 20. Bd3 Bg4 21. Bb1 c5 22. Rd3 Bxf3 23. gxf3 cxd4 24. Rxd4 Rxd4 25. Qxd4 a4 26. Qb6 axb3 27. axb3 Qe7 28. Qd6 Qxd6 29. Rxd6 Ra1 30. Rd8+ 1-0

[Event "*** Titled Tuesday Blitz"]
[Site "Chess.com"]
[Date "2020.10.27"]
[Round "8"]
[White "ARTHURMOTIVATOR"]
[Black "BikingBrian"]
[Result "1-0"]
[WhiteElo "2369"]
[BlackElo "2263"]
[TimeControl "180+1"]
[EndTime "11:27:14 PDT"]
[Termination "ARTHURMOTIVATOR won by resignation"]

1. e4 c5 2. Nf3 g6 3. h4 h5 4. Bc4 Bg7 5. c3 e6 6. d4 cxd4 7. cxd4 d5 8. Bb5+ Bd7 9. Bxd7+ Qxd7 10. Nc3 dxe4 11. Nxe4 Nf6 12. Nc5 Qe7 13. Qa4+ Nbd7 14. Nxb7 O-O 15. O-O Rfb8 16. Na5 Rb4 17. Qc2 Nd5 18.
Nc6 Qd6 19. Nxb4 Nxb4 20. Qd1 Rc8 21. Be3 Nb6 22. a3 Nc2 23. Rc1 Nxe3 24. Rxc8+ Nxc8 25. fxe3 Bh6 26. Qd3 Ne7 27. Ne5 Nf5 28. Nxf7 Kxf7 29. e4 Bg7 30. exf5 Bxd4+ 31. Kh1 gxf5 32. Rd1 e5 33. Qxf5+ Ke7 34. Rf1 Qe6 35. Qf8+ Kd7 36. Rf7+ Kc6 37. Rf6 1-0

[Event "*** Titled Tuesday Blitz"]
[Site "Chess.com"]
[Date "2020.10.27"]
[Round "8"]
[White "fabianvivasz"]
[Black "malakismayil"]
[Result "1-0"]
[WhiteElo "2425"]
[BlackElo "2252"]
[TimeControl "180+1"]
[EndTime "11:27:14 PDT"]
[Termination "fabianvivasz won by resignation"]

1. e4 e5 2. Nf3 Nc6 3. d4 exd4 4. Bc4 Be7 5. c3 Nf6 6. e5 Ne4 7. Bd5 Nc5 8. cxd4 Ne6 9. Bb3 d5 10. exd6 Qxd6 11. d5 Qb4+ 12. Nc3 Nf4 13. Bxf4 Qxf4 14. dxc6 bxc6 15. Qd4 Qxd4 16. Nxd4 c5 17. Ndb5 O-O 18.
Nxc7 Rb8 19. O-O-O Bg5+ 20. Kb1 Bf5+ 21. Bc2 Bxc2+ 22.
Kxc2 Rfc8 23. N7d5 Rd8 24. f4 Bh6 25. g4 f6 26. h4 1-0

[Event "*** Titled Tuesday Blitz"]
[Site "Chess.com"]
[Date "2020.10.27"]
[Round "8"]
[White "ailime26"]
[Black "Quattroporte300"]
[Result "0-1"]
[WhiteElo "1881"]
[BlackElo "2229"]
[TimeControl "180+1"]
[EndTime "11:27:14 PDT"]
[Termination "Quattroporte300 won by resignation"]

1. e4 c5 2. Nf3 d6 3. d4 cxd4 4.
Nxd4 Nf6 5. Nc3 a6 6. Be3 e6 7. f3 b5 8. Qd2 Nbd7 9. g4 h6 10. h4 Bb7 11. h5 Rc8 12. O-O-O Be7 13. Bg2 Nb6 14. Qe2 Nc4 15. g5 hxg5 16. Bxg5 Qa5 17.
Nb3 Qb4 18. h6 gxh6 19. Rxh6 Rxh6 20. Bxh6 Nxb2 21. Kxb2 Qxc3+ 22. Kb1 d5 23. exd5 Bxd5 24. f4 Ba3 25. Qe5 Qxc2+ 26. Ka1 Qxd1+ 0-1

[Event "*** Titled Tuesday Blitz"]
[Site "Chess.com"]
[Date "2020.10.27"]
[Round "8"]
[White "ShahMatKanal"]
[Black "AndreyNeves"]
[Result "1-0"]
[WhiteElo "2447"]
[BlackElo "2256"]
[TimeControl "180+1"]
[EndTime "11:27:17 PDT"]
[Termination "ShahMatKanal won by resignation"]

1. e4 c5 2. Nf3 Nc6 3. Bb5 g6 4. Bxc6 dxc6 5. O-O Bg7 6. d3 e5 7. Be3 b6 8. a3 a5 9. Nbd2 f6 10. b4 axb4 11. axb4 Rxa1 12. Qxa1 Nh6 13. bxc5 b5 14. h3 Nf7 15. Qa8 Qc7 16. Ra1 O-O 17. Ra7 Qd8 18.
Qxc6 f5 19. exf5 gxf5 20. Nf1 f4 21. Bd2 Ng5 22. Nxg5 Qxg5 23. Nh2 Bxh3 24. Qd5+ Kh8 25. c6 f3 26. Bxg5 1-0

[Event "*** Titled Tuesday Blitz"]
[Site "Chess.com"]
[Date "2020.10.27"]
[Round "8"]
[White "Fortitudine"]
[Black "akanga001"]
[Result "0-1"]
[WhiteElo "2277"]
[BlackElo "1927"]
[TimeControl "180+1"]
[EndTime "11:27:20 PDT"]
[Termination "akanga001 won by resignation"]

1. c4 Nf6 2. g3 e6 3. Bg2 d5 4. Nf3 Be7 5. O-O O-O 6. b3 b6 7. cxd5 exd5 8. d4 Bb7 9. Bb2 c5 10. Nc3 Nbd7 11. Rc1 Rc8 12. e3 Ne4 13. dxc5 Nxc3 14.
Bxc3 Nxc5 15. Ne5 Bf6 16. Re1 Re8 17. Nf3 Ne4 18. Bxf6 Qxf6 19. Rxc8 Rxc8 20. Re2 Nc3 21. Qd2 Nxe2+ 22. Qxe2 Rc1+ 23. Bf1 Bc8 24. Nd4 Bh3 0-1